 Dungeon Crawl Stone Soup version 0.28-a0-1524-ge72afd5fc6 (webtiles) character file.

Game seed: 6604561508771430593

1008 knot the Chopper (level 8, 58/58 HPs)
             Began as a Demonspawn Berserker on Jan 18, 2022.
             Was a Priest of Trog.
             Quit the game on level 5 of the Dungeon.
             The game lasted 00:09:11 (5560 turns).

knot the Chopper (Demonspawn Berserker)             Turns: 5560, Time: 00:09:12

Health: 58/58      AC: 17    Str: 19    XL:     8   Next: 1%
Magic:  8/8        EV: 11    Int: 10    God:    Trog [***...]
Gold:   284        SH:  5    Dex: 12    Spells: 7/7 levels left

rFire   . . .      SeeInvis .   A - +8 woodcutter's axe {vorpal}
rCold   + . .      Faith    .   (no shield)
rNeg    . . .      Spirit   +   w - +3 ring mail {rC+}
rPois   .          Reflect  +   (helmet restricted)
rElec   .          Harm     .   (no cloak)
rCorr   .          Rampage  .   (no gloves)
Will    .....                   e - +0 pair of boots
Stlth   +.........              v - amulet of reflection
HPRegen 0.19/turn               D - +4 ring of protection
MPRegen 0.22/turn               y - +4 ring of protection

@: no status effects
A: horns 2, ignite blood 1, magic shield, magic regeneration
a: Renounce Religion, Berserk, Trog's Hand


You were on level 5 of the Dungeon.
You worshipped Trog.
Trog was most pleased with you.
You visited 1 branch of the dungeon, and saw 5 of its levels.

You collected 284 gold pieces.

Inventory:

Hand Weapons
 a - a +0 hand axe
 A - the +8 woodcutter's axe (weapon) {vorpal}
   (You found it on level 4 of the Dungeon)

   It inflicts extra damage upon your enemies.
Missiles
 c - 156 stones
 n - 28 sling bullets
 u - 2 throwing nets
 x - 3 boomerangs (quivered)
Armour
 e - a +0 pair of boots (worn)
 w - a +3 ring mail of cold resistance (worn)
Jewellery
 r - a ring of poison resistance
 v - an amulet of reflection (around neck)
 y - a +4 ring of protection (right hand)
 z - a ring of protection from cold
 D - a +4 ring of protection (left hand)
Wands
 b - a wand of polymorph (3)
 E - a wand of charming (12)
Scrolls
 d - a scroll of teleportation {unknown}
 f - 6 scrolls of identify {unknown}
 h - a scroll of enchant weapon {unknown}
 k - a scroll of acquirement {unknown}
 l - a scroll of magic mapping {unknown}
 m - a scroll of enchant armour {unknown}
 p - 2 scrolls of amnesia {unknown}
 q - a scroll of holy word {unknown}
 s - a scroll of summoning {unknown}
 t - a scroll of vulnerability {unknown}
Potions
 g - a potion of magic {unknown}
 i - 2 potions of flight {unknown}
 j - 2 potions of attraction {unknown}
 o - 3 potions of curing {unknown}
 B - a potion of might {unknown}
 C - a potion of mutation {unknown}


   Skills:
 - Level 3.0 Fighting
 * Level 7.7 Axes
 * Level 4.3 Throwing
 - Level 1.7 Armour
 - Level 1.7 Dodging


You had 7 spell levels left.
You didn't know any spells.
Your spell library contained the following spells:

 Spells                   Type           Power      Damage    Failure   Level
 Confusing Touch          Hex            0%         N/A       89%         3
 Yara's Violent Unravell  Hex/Tmut       0%         3d3       100%        5
 Enfeeble                 Hex            0%         N/A       100%        7


Dungeon Overview and Level Annotations

Branches:
Dungeon (5/15)
 Temple: D:4-7

Altars:

Annotations:
D:4 1 runed translucent door, Crazy Yiuf


Innate Abilities, Weirdness & Mutations

You have a pair of horns on your head.
Your demonic aura sometimes causes spilled blood to erupt in flames.
When hurt, damage is shared between your health and your magic reserves.
You regenerate magic rapidly.


Message History

Items here: ) [ ††.
Found a stone staircase leading down.
i - 2 orange potions (gained 1)
Things that are here:
a +0 hand axe; an orc corpse
Things that are here:
a +0 shortbow; 31 arrows
Things that are here:
a +0 hand axe; an orc corpse
Things that are here:
a +0 dagger; a +0 ring mail You now have 276 gold pieces (gained 11).
You now have 284 gold pieces (gained 8).
Found a leather armour.
D - a +4 ring of protection You're wearing all the rings you can.
Remove which one? (? for menu, Esc to cancel) < or
r - a ring of poison resistance; > or
y - a +4 ring of protection You remove your ring of poison resistance.
D - a +4 ring of protection (left hand)
E - a wand of charming (12)
A centaur zombie comes into view.
Found a morningstar.
You slash the centaur zombie! You headbutt the centaur zombie!
The centaur zombie is heavily damaged.
You block the centaur zombie's attack.
The centaur zombie kicks you but does no damage.
You hit the centaur zombie. You headbutt the centaur zombie!
The centaur zombie is almost destroyed.
You block the centaur zombie's attack. The centaur zombie barely misses you.
A - the +8 woodcutter's axe (weapon)
{vorpal} The centaur zombie closely misses you.
The centaur zombie kicks you but does no damage.
You slash the centaur zombie!
You destroy the centaur zombie!
Trog accepts your kill.
You have reached level 8!
You feel stronger.
Your demonic ancestry asserts itself...
Your blood heats up.
Are you sure you want to abandon this character and quit the game? (Confirm with "yes".)

#...)).......#######
#.....))...........+
#..................#
#..................#
##...##).....##....#
#######......##....#
...<...............#
.....##......##.[..#
.....##......##.@..#
.............##....#
.............##....#
.............#.......
.............#.)......
............>#..........
.............#..........
...##......##.........


There were no monsters in sight!

Vanquished Creatures
  A sky beast (D:5)
  2 ogres
  2 centaurs
  A gnoll sergeant (D:3)
  A hound (D:4)
  A centaur zombie (D:5)
  A bullfrog skeleton (D:4)
  A gnoll shaman (D:4)
  2 iguanas
  Terence (D:3)
  A scorpion zombie (D:5)
  3 orc wizards
  12 gnolls
  4 adders
  An adder skeleton (D:4)
  2 dart slugs (D:1)
  15 orcs
  5 ball pythons
  8 bats
  4 endoplasms
  7 goblins
  7 hobgoblins
  6 jackals
  7 quokkas
  3 frilled lizards
  A jackal skeleton (D:3)
  9 kobolds
  A quokka skeleton (D:3)
  3 rats (D:2)
112 creatures vanquished.

Notes
Turn   | Place    | Note
-------+----------+-------------------------------------------
     0 | D:1      | knot the Demonspawn Berserker began the quest for the Orb.
     0 | D:1      | Reached XP level 1. HP: 18/18 MP: 1/1
   154 | D:1      | Reached skill level 3 in Axes
   243 | D:1      | Gained mutation: You regenerate magic rapidly. [demonic
                  | ancestry]
   243 | D:1      | Reached XP level 2. HP: 16/24 MP: 2/2
   907 | D:1      | Gained mutation: When hurt, damage is shared between your
                  | health and your magic reserves. [demonic ancestry]
   907 | D:1      | Reached XP level 3. HP: 29/29 MP: 3/3
  1038 | D:1      | Reached skill level 4 in Axes
  1592 | D:2      | Reached ** piety under Trog
  1838 | D:2      | Reached XP level 4. HP: 18/35 MP: 1/4
  2547 | D:3      | Reached skill level 5 in Axes
  3179 | D:3      | Gained mutation: You have a pair of small horns on your
                  | head. [demonic ancestry]
  3179 | D:3      | Reached XP level 5. HP: 41/41 MP: 5/5
  3218 | D:3      | Noticed an ogre
  3226 | D:3      | Killed an ogre
  3496 | D:3      | Noticed Terence
  3524 | D:3      | Killed Terence
  3525 | D:3      | Reached skill level 6 in Axes
  3818 | D:4      | Reached XP level 6. HP: 37/47 MP: 4/6
  3989 | D:4      | Reached skill level 1 in Throwing
  4258 | D:4      | Gained mutation: You have a pair of horns on your head.
                  | [demonic ancestry]
  4258 | D:4      | Reached XP level 7. HP: 43/52 MP: 5/7
  4493 | D:4      | Reached skill level 7 in Axes
  4715 | D:4      | Found the +8 woodcutter's axe {vorpal}
  4736 | D:4      | Identified the +4 hand axe of the Nexus {holy, rElec rF+
                  | Int-2 Dex+6}
  5003 | D:4      | Found a runed translucent door.
  5004 | D:4      | Noticed Crazy Yiuf
  5253 | D:5      | Entered Level 5 of the Dungeon
  5465 | D:5      | Reached *** piety under Trog
  5560 | D:5      | Gained mutation: Your demonic aura sometimes causes spilled
                  | blood to erupt in flames. [demonic ancestry]
  5560 | D:5      | Reached XP level 8. HP: 58/58 MP: 8/8
  5560 | D:5      | Quit the game

Illustrated notes

Levels and vault maps discovered:
D:1:      dpeg_arrival_brainrot, layout_rooms, minmay_misc_feat_tiny
D:2:      layout_basic, minmay_tetromino_t2
D:3:      kennysheep_six_static_rooms, layout_basic, uniq_terence
D:4:      layout_cave_pods, pf_guarded_unrand_woodcutter,
          uniq_crazy_yiuf_cottage
D:5:      layout_gridville

Skill      XL: |  1  2  3  4  5  6  7 |
---------------+----------------------+-----
Axes           | 3 4 5 6 7 |  7.7
Throwing       | 2 4 |  4.3
Fighting       | |  3.0
Armour         | |  1.7
Dodging        | |  1.7

Action                   |  1- 3 |  4- 6 |  7- 9 || total
-------------------------+-------+-------+-------++-------
Melee: Hand axe          |   102 |   176 |    48 ||   326
       Punch             |     2 |       |     2 ||     4
       Headbutt          |       |    13 |    15 ||    28
       War axe           |       |       |    24 ||    24
Throw: Boomerang         |       |     8 |    17 ||    25
Invok: Berserk           |     4 |     5 |     2 ||    11
       Trog's Hand       |       |     2 |       ||     2
Evoke: Wand              |       |     1 |     9 ||    10
 Stab: Sleeping          |     2 |       |       ||     2
Armor: Animal skin       |    23 |       |       ||    23
       Scale mail        |     9 |    47 |       ||    56
       Ring mail         |       |    33 |    29 ||    62
Dodge: Dodged            |    78 |    89 |    28 ||   195
Block: Other             |       |    25 |    12 ||    37
       Reflection        |       |       |     1 ||     1

Table legend: (Time is in decaauts)
 A = Elapsed time spent in this place.
 B = Non-inter-level travel time spent in this place.
 C = Inter-level travel time spent in this place.
 D = Time resting spent in this place.
 E = Time spent auto-exploring this place.
 F = Levels seen in this place.
 G = Mean time per level.
                   A        B        C        D        E       F      G
               +--------+--------+--------+--------+--------+-----+--------+
         Total |   5686 |   5437 |    249 |   1528 |   3015 |   5 | 1137.2 |
       Dungeon |   5686 |   5437 |    249 |   1528 |   3015 |   5 | 1137.2 |
               +--------+--------+--------+--------+--------+-----+--------+

Top non-repeatable levels by time:
     D:1: 1431 daAuts
     D:4: 1416 daAuts
     D:3: 1259 daAuts
     D:2: 1258 daAuts
     D:5: 320 daAuts
